AoeStats
← agusvr3051n

Arena

510314227Analyzed
1v1 RM · 1d ago on Sep 30, 2026· 63m 31s· 2 players
Game mode
Random Map
Map size
Tiny (2 player)
Population
200
Speed
Normal
Resources
Standard
Victory
Conquest
Starting age
Dark Age
Ending age
Imperial Age
RankedLock teamsTeams togetherTeam positionsShared explorationLock speedFull tech treeHidden civsTurbo modeCheats
Victory
Defeat
🇦🇷 Vietnamese · Argentina
881
+17
🇨🇳 Romans · China
897
-17
agusvr3051n
9:58 Feudal Age
10:49 Double-Bit Axe
10:46 Horse Collar
11:26 Gold Mining
17:14 Castle Age
15:38 Stone Mining
19:40 Heavy Plow
21:45 Fletching
21:58 Padded Archer Armor
22:58 Loom
24:25 Bow Saw
25:32 Stone Shaft Mining
25:14 Bodkin Arrow
25:34 Leather Archer Armor
26:39 Ballistics
28:18 Wheelbarrow
27:31 Town Watch
29:47 Hand Cart
29:33 Town Patrol
33:23 Imperial Age
31:54 Scale Barding Armor
32:04 Leather Archer Armor
32:00 Forging
33:07 Chain Barding Armor
34:30 Paper Money
35:32 Chemistry
35:19 Crop Rotation
35:22 Thumb Ring
36:02 Bracer
36:32 Ring Archer Armor
38:12 Two-Man Saw
38:00 Iron Casting
38:01 Plate Barding Armor
38:12 Bloodlines
38:12 Husbandry
39:43 Bombard Tower
39:30 Capped Ram
39:51 Elite Rattan Archer
40:10 Cavalier
63:40 Guilds
moresky
10:56 Feudal Age
12:37 Double-Bit Axe
15:00 Castle Age
13:20 Horse Collar
15:10 Stone Mining
18:40 Loom
24:40 Wheelbarrow
28:26 Imperial Age
28:50 Gold Mining
30:21 Chemistry
29:49 Ballistics
29:45 Squires
29:06 Man-at-Arms
29:41 Fletching
29:52 Padded Archer Armor
29:58 Scale Barding Armor
30:37 Gold Shaft Mining
30:13 Town Watch
30:45 Hand Cart
30:26 Long Swordsman
31:31 Conscription
31:24 Bodkin Arrow
32:27 Ballistas
35:21 Chain Barding Armor
35:18 Leather Archer Armor
35:14 Forging
35:21 Elite Skirmisher
36:11 Heavy Scorpion
37:33 Ring Archer Armor
37:39 Plate Barding Armor
37:05 Scale Mail Armor
37:59 Town Patrol
38:26 Elite Centurion
40:22 Iron Casting
40:14 Husbandry
40:25 Bloodlines
39:39 Light Cavalry
46:18 Comitatenses
46:34 Legionary
49:36 Pikeman
50:05 Halberdier
50:32 Capped Ram
56:46 Chain Mail Armor
57:32 Blast Furnace
Connection lost

Rejoining the realm…

Still unreachable

The connection could not be restored.

Session expired

The server has moved on; the page needs a fresh start.